 Dungeon Crawl Stone Soup version 0.19.5 (webtiles) character file.

193782 Keye the Bludgeoner (level 17, 0/241 HPs)
             Began as a Minotaur Berserker on Apr 28, 2017.
             Was the Champion of Trog.
             Slain by a tentacle (8 damage)
             ... attached to a kraken
             ... on level 2 of the Shoals on Apr 29, 2017.
             The game lasted 01:38:48 (33224 turns).

Keye the Bludgeoner (Minotaur Berserker)           Turns: 33224, Time: 01:38:48

Health: 0/241      AC: 29    Str: 28    XL:     17   Next: 65%
Magic:  16/16      EV: 27    Int:  4    God:    Trog [******]
Gold:   2243       SH: 16    Dex: 23    Spells: 0 memorised, 16 levels left

rFire  + . .     SeeInvis +     K - +9 demon whip (venom)
rCold  . . .     Gourm    +     m - +4 plate armour {rF+}
rNeg   + . .     Faith    .     N - +0 shield
rPois  .         Spirit   .     Y - +2 hat
rElec  +         Reflect  .     x - +2 cloak
rCorr  .         Harm     .     s - +0 pair of gloves
MR     +++..                    (no boots)
Stlth  ..........               B - amulet of the gourmand
                                P - ring "Epno" {rC- EV+6 Dex+5 SInv}
                                I - ring of Yjitarch {rElec rC+ rN+ Str-2 Dex+4}

@: berserking (expiring), lethally poisoned (0 -> 0), regenerating, very quick
A: retaliatory headbutt, horns 2
a: Berserk, Trog's Hand, Brothers in Arms, Burn Spellbooks, Renounce Religion
}: 1/15 runes: serpentine


You were on level 2 of the Shoals.
You worshipped Trog.
Trog was exalted by your worship.
You were very full.

You visited 5 branches of the dungeon, and saw 29 of its levels.
You also visited: Labyrinth, Ossuary and Ice Cave.

You collected 3343 gold pieces.
You spent 1100 gold pieces at shops.

Inventory:

Hand Weapons
 K - a +9 demon whip of venom (weapon)
Missiles
 g - 265 bolts
 n - 1019 arrows
Armour
 m - a +4 plate armour of fire resistance (worn)
 s - a +0 pair of gloves (worn)
 x - a +2 cloak (worn)
 N - a +0 shield (worn)
 Y - a +2 hat (worn)
Rods
 J - a +5 rod of ignition (12/12)
   (You found it in a labyrinth)
Jewellery
 b - an uncursed ring of poison resistance
 o - an uncursed ring of protection from cold
 B - an amulet of the gourmand (around neck)
 F - an uncursed ring of positive energy
 H - a +5 ring of strength
 I - the ring of Yjitarch (left hand) {rElec rC+ rN+ Str-2 Dex+4}
   (You found it in a labyrinth)

   [ring of protection from cold]

   It affects your strength (-2).
   It affects your dexterity (+4).
   It protects you from cold.
   It insulates you from electricity.
   It protects you from negative energy.
 P - the ring "Epno" (right hand) {rC- EV+6 Dex+5 SInv}
   (You found it in a labyrinth)

   [ring of evasion]

   It affects your evasion (+6).
   It affects your dexterity (+5).
   It makes you vulnerable to cold.
   It lets you see invisible.
Wands
 E - a wand of lightning (9/15)
 O - a wand of digging (16/24)
 U - a wand of paralysis (3/24)
 X - a wand of iceblast (7/15)
Scrolls
 a - 3 scrolls of magic mapping
 e - 6 scrolls of fog
 f - 5 scrolls of teleportation
 i - 6 scrolls of blinking
 j - 21 scrolls of remove curse
 p - a scroll of recharging
 r - 6 scrolls of fear
 u - 11 scrolls of identify
 y - 6 scrolls of enchant weapon
 L - 2 scrolls of summoning
 S - a scroll of holy word {unknown}
 V - 3 scrolls of enchant armour
Potions
 d - 3 potions of cancellation
 h - 4 potions of flight
 k - 2 potions of heal wounds
 t - 6 potions of agility
 v - 17 potions of curing
 z - a potion of berserk rage
 C - a potion of magic
 D - 2 potions of cure mutation
 G - 2 potions of resistance
 M - 2 potions of ambrosia
 Q - a potion of haste
 T - 3 potions of brilliance
 W - 3 potions of might
Comestibles
 c - 9 bread rations
 l - 11 chunks of flesh
 q - 7 beef jerkies
 w - 13 meat rations
 A - 42 fruits
 R - 2 slices of pizza


   Skills:
 + Level 17.0 Fighting
 - Level 18.0 Maces & Flails
 + Level 16.6 Armour
 + Level 16.2 Dodging
 - Level 15.2 Shields


You had 16 spell levels left.
You didn't know any spells.

Dungeon Overview and Level Annotations

Branches:
Dungeon (15/15)            Temple (0/1) D:4            Lair (6/6) D:9
 Shoals (2/4) Lair:3        Snake (4/4) Lair:3        Slime (0/5) Lair:6
    Orc (2/2) D:10            Elf (0/3) Orc:2        Vaults (0/5) D:13
 Depths (0/5) D:15

Altars:
Ashenzari
Dithmenos
Fedhas
Hepliaklqana
Makhleb
Nemelex Xobeh
Okawaru
Qazlal
Ru
Sif Muna
Vehumet
Yredelemnul
Zin
The Shining One
Beogh
Jiyva

Shops:
D:4 ?   D:6 [   D:8 }   D:12 }   Orc:1 =(   Orc:2 [[!%   Snake:1 [}
Snake:3 =}}%   Snake:4 ([?}!

Annotations:
D:10 exclusion: ice statue
Shoals:2 Polyphemus


Innate Abilities, Weirdness & Mutations

You reflexively headbutt those who attack you in melee.
You have a pair of horns on your head.


Message History

You block the tentacle's attack.
Your unstable footing causes you to fumble your attack.
You whack Polyphemus!
Polyphemus is lightly wounded.
A tentacle segment bursts forth from the water.
The tentacle misses you.
A tentacle segment bursts forth from the water. x2
The tentacle misses you.
A tentacle segment bursts forth from the water.
Polyphemus completely misses you. You furiously retaliate!
You headbutt Polyphemus! Polyphemus hits you but does no damage.
Your unstable footing causes you to fumble your attack.
You feel sick.
Tentacles burst out of the water!
The water nymph gestures at you while chanting.
The water swirls and strikes you!
* * * LOW HITPOINT WARNING * * *
2 tentacles come into view.
Your unstable footing causes you to fumble your attack.
The tentacle closely misses you. The tentacle slaps you!
You die...

≈≈≈...≈ ≈≈≈≈≈≈≈
≈≈[.. ≈≈≈≈≈≈≈
≈≈..## ≈≈≈≈≈≈≈
≈≈≈..## ≈≈≈≈≈≈.
≈≈..... ≈≈w≈≈≈c
≈≈≈≈... ≈≈X≈≈≈C##
..≈≈≈≈≈
≈w≈≈≈*≈@##...≈≈≈≈
≈≈≈≈≈.w≈wE$..≈≈≈.
≈≈≈≈≈≈≈mc≈≈PP≈P≈.
≈≈≈≈≈≈≈≈Y≈≈≈≈P≈≈≈
≈≈≈≈≈≈≈≈P≈≈PPPP≈≈
≈≈≈≈≈≈≈≈≈≈PPPPPP.
≈≈≈≈≈≈≈≈≈≈≈≈P≈P≈.
≈≈≈≈≈≈≈≈≈≈≈≈≈≈≈≈P
≈≈≈≈≈≈≈≈≈≈≈P≈≈≈(


You could see a kraken, Polyphemus, a death yak, 2 fauns, 4 tentacles, a water
elemental and a water nymph.

Vanquished Creatures
  Rupert (Lair:3)
  5 nagarajas (Snake:4)
  An orc warlord (Orc:1)
  The ghost of McKennaii the Carver, a journeyman DsAK of Lugonu (D:14)
  The ghost of patcoet the Crack Shot, a journeyman HEHu of Okawaru (Orc:2)
  A dire elephant (D:15)
  A merfolk javelineer (Shoals:1)
  A minotaur (Lab)
  A great orb of eyes (D:15)
  3 ogre magi
  A fire dragon (Lair:6)
  8 vault guards (D:13)
  2 ice dragons (IceCv)
  6 naga warriors
  2 merfolk avatars (Shoals:1)
  A merfolk aquamancer (Shoals:1)
  10 anacondas
  2 catoblepae
  8 hydras
  6 centaur warriors
  A death knight (D:15)
  Erica (Lair:2)
  Urug (D:13)
  14 naga sharpshooters
  10 death yaks
  Nergalle (Lair:2)
  6 shock serpents
  The ghost of ShornTheSheep the Skirmisher, a novice GrBe of Trog (D:10)
  6 skeletal warriors
  3 salamander mystics
  3 sea snakes
  2 deep trolls (Orc:2)
  An unseen horror (D:15)
  6 naga ritualists
  A lindwurm (Lair:6)
  A deep elf mage (D:15)
  4 hill giants
  A wolf spider (D:15)
  4 mana vipers
  An orc knight (D:10)
  5 harpies (Shoals:1)
  8 cyclopes
  8 ugly things
  10 salamanders
  5 manticores
  3 orc sorcerers
  7 elephants
  3 sirens (Shoals:1)
  2 guardian serpents
  Maurice (D:13)
  2 ice statues (IceCv)
  14 naga magi
  33 black mambas
  A centaur skeleton (D:15)
  6 gargoyles
  2 water nymphs (Shoals:1)
  6 torpor snails (Lair:6)
  12 spiny frogs
  3 rime drakes
  An efreet (D:15)
  2 freezing wraiths (D:15)
  11 komodo dragons
  12 trolls
  3 slime creatures (D:15)
  3 polar bears
  7 hornets (Lair:6)
  5 merfolk (Shoals:1)
  A wind drake (Shoals:1)
  3 tyrant leeches (Lair:6)
  8 two-headed ogres
  7 dream sheep (Lair:6)
  5 snapping turtles
  15 blink frogs
  16 hippogriffs
  A spriggan (D:9)
  2 shadows
  2 wyverns
  A vampire (D:9)
  3 water elementals (Shoals:1)
  3 wraiths
  37 yaks
  12 basilisks
  3 hungry ghosts
  Grum (Lair:1)
  A redback simulacrum (D:15)
  19 water moccasins
  51 nagas
  3 wargs
  8 porcupines
  26 orc warriors
  A sky beast (D:6)
  15 ice beasts
  A phantom (D:8)
  3 wolves (Lair:1)
  27 ogres
  4 boggarts (D:15)
  An eye of draining (D:11)
  2 necrophages
  21 centaurs
  12 crocodiles
  10 bullfrogs
  4 scorpions
  A water moccasin skeleton (D:11)
  6 killer bees (D:8)
  13 wights
  3 electric eels
  A bullfrog zombie (D:8)
  4 howler monkeys
  5 crimson imps
  3 centaur zombies
  4 hounds
  29 orc wizards
  18 orc priests
  5 bullfrog skeletons
  7 jellies
  4 iguanas
  10 worker ants
  A big kobold zombie (Ossuary)
  2 hound skeletons
  5 mummies (Ossuary)
  A worker ant zombie (D:8)
  13 adders
  3 gnolls (D:4)
  3 shadow imps
  An ooze (D:7)
  An adder zombie (D:6)
  An adder skeleton (D:4)
  3 worms
  4 dart slugs
  3 leopard geckos
  83 orcs
  7 bats
  3 giant cockroaches
  6 goblins
  5 hobgoblins
  21 jackals
  4 quokkas
  8 ball pythons
  6 frilled lizards
  2 gnoll zombies (Ossuary)
  A goblin zombie (Ossuary)
  A hobgoblin zombie (Ossuary)
  A jackal skeleton (D:5)
  2 kobolds
  2 orc zombies (Ossuary)
  A quokka skeleton (D:8)
  3 rats
  3 plants
  A tentacle (Shoals:2)
948 creatures vanquished.

Vanquished Creatures (collateral kills)
  Gastronok (D:10)
  3 nagarajas (Snake:4)
  A shock serpent (Snake:4)
  A lindwurm (Lair:6)
  A black mamba (Snake:4)
  2 naga magi (Snake:4)
  A guardian serpent (Snake:4)
  4 hornets (Lair:6)
  7 nagas (Snake:4)
  2 ogres
  An orc (Orc:1)
24 creatures vanquished.

Vanquished Creatures (others)
  An orc priest (D:6)
  An orc (D:6)
  13 plants
  A tentacle (Shoals:2)
16 creatures vanquished.

Grand Total: 988 creatures vanquished

Notes
Turn   | Place    | Note
-------+----------+-------------------------------------------
     0 | D:1      | Keye the Minotaur Berserker began the quest for the Orb.
     0 | D:1      | Reached XP level 1. HP: 19/19 MP: 0/0
    19 | D:1      | Reached skill level 4 in Maces & Flails
    26 | D:1      | Reached XP level 2. HP: 10/26 MP: 1/1
   494 | D:1      | Reached ** piety under Trog
   509 | D:1      | Reached skill level 5 in Maces & Flails
   886 | D:1      | Reached XP level 3. HP: 31/31 MP: 2/2
  1605 | D:2      | Reached XP level 4. HP: 39/39 MP: 3/3
  1746 | D:2      | Found a stormy altar of Qazlal.
  1827 | D:3      | Reached skill level 6 in Maces & Flails
  1937 | D:3      | Found a burning altar of Makhleb.
  2115 | D:3      | Reached *** piety under Trog
  2295 | D:3      | Reached XP level 5. HP: 31/45 MP: 4/4
  2320 | D:3      | Reached skill level 7 in Maces & Flails
  2584 | D:3      | Found a faded altar of an unknown god.
  2992 | D:4      | Reached skill level 8 in Maces & Flails
  3195 | D:4      | Found Nigi Vau's Magic Scroll Shoppe.
  3252 | D:4      | Reached XP level 6. HP: 26/51 MP: 5/5
  3546 | D:4      | Reached skill level 9 in Maces & Flails
  3915 | D:4      | Found a staircase to the Ecumenical Temple.
  3977 | D:5      | Entered Level 5 of the Dungeon
  4021 | D:5      | Reached XP level 7. HP: 42/57 MP: 6/6
  4107 | D:5      | Reached skill level 10 in Maces & Flails
  4482 | D:5      | Reached skill level 11 in Maces & Flails
  4659 | D:6      | Found a glowing silver altar of Zin.
  4682 | D:6      | Found Duopnuj's Armour Emporium.
  4703 | D:6      | Noticed a hungry ghost
  4711 | D:6      | Killed a hungry ghost
  4711 | D:6      | Received a gift from Trog
  4711 | D:6      | Reached XP level 8. HP: 61/64 MP: 7/7
  4819 | D:6      | Reached skill level 12 in Maces & Flails
  5208 | D:6      | Reached **** piety under Trog
  5561 | D:7      | Found a sand-covered staircase.
  5566 | Ossuary  | Entered an ossuary
  5604 | Ossuary  | Reached skill level 13 in Maces & Flails
  5954 | D:7      | Reached XP level 9. HP: 47/70 MP: 8/8
  5955 | D:7      | Reached skill level 14 in Maces & Flails
  6545 | D:8      | Found a deep blue altar of Sif Muna.
  6767 | D:8      | Found a shadowy altar of Dithmenos.
  6934 | D:8      | Found a sacrificial altar of Ru.
  6947 | D:8      | Reached skill level 15 in Maces & Flails
  7353 | D:8      | Reached skill level 16 in Maces & Flails
  7369 | D:8      | Found Xeyloare's Gadget Boutique.
  7622 | D:9      | Reached XP level 10. HP: 66/77 MP: 9/9
  7648 | D:9      | Reached ***** piety under Trog
  7677 | D:9      | Found a basalt altar of Yredelemnul.
  7680 | D:9      | Found a radiant altar of Vehumet.
  7681 | D:9      | Found a hazy altar of Hepliaklqana.
  7770 | D:9      | Reached skill level 1 in Shields
  8249 | D:9      | Found a blossoming altar of Fedhas.
  8460 | D:9      | Found a shattered altar of Ashenzari.
  8460 | D:9      | Found a faded altar of an unknown god.
  8475 | D:9      | Found a sparkling altar of Nemelex Xobeh.
  8478 | D:9      | Found a faded altar of an unknown god.
  8480 | D:9      | Found an iron altar of Okawaru.
  8575 | D:9      | Reached skill level 5 in Fighting
  8585 | D:9      | Found a staircase to the Lair.
  9108 | D:9      | Reached skill level 5 in Armour
  9131 | D:10     | Entered Level 10 of the Dungeon
  9634 | D:10     | Noticed ShornTheSheep's ghost (novice GrBe)
  9647 | D:10     | Killed ShornTheSheep's ghost
  9698 | D:10     | Found a staircase to the Orcish Mines.
  9734 | D:10     | Found a roughly hewn altar of Beogh.
  9778 | D:10     | Noticed Gastronok
  9793 | D:10     | Killed Gastronok
  9793 | D:10     | Received a gift from Trog
  9793 | D:10     | Reached XP level 11. HP: 85/94 MP: 10/10
 10200 | D:4      | Bought a scroll of brand weapon for 240 gold pieces
 10355 | Lair:1   | Entered Level 1 of the Lair of Beasts
 10386 | Lair:1   | Reached skill level 5 in Shields
 11672 | Lair:1   | Noticed Grum
 11685 | Lair:1   | Killed Grum
 11991 | Lair:1   | Reached skill level 10 in Fighting
 12103 | Lair:2   | Noticed Erica
 12139 | Lair:2   | Noticed Nergalle
 12145 | Lair:2   | Killed Nergalle
 12185 | Lair:2   | Noticed a four-headed hydra
 12194 | Lair:2   | Killed a four-headed hydra
 12194 | Lair:2   | Reached skill level 10 in Armour
 12210 | Lair:2   | Killed Erica
 12281 | Lair:2   | Reached XP level 12. HP: 77/108 MP: 11/11
 12933 | Lair:3   | Noticed Rupert
 12994 | Lair:3   | Killed Rupert
 13072 | Lair:3   | Found a staircase to the Snake Pit.
 13154 | Lair:3   | Found a staircase to the Shoals.
 13195 | Lair:3   | Noticed a seven-headed hydra
 13201 | Lair:3   | Killed a seven-headed hydra
 13753 | Lair:4   | Noticed an eight-headed hydra
 13764 | Lair:4   | Killed an eight-headed hydra
 13764 | Lair:4   | Reached skill level 10 in Shields
 13869 | Lair:4   | Noticed a seven-headed hydra
 13877 | Lair:4   | Killed a seven-headed hydra
 13877 | Lair:4   | Reached skill level 5 in Dodging
 14686 | Orc:1    | Entered Level 1 of the Orcish Mines
 14740 | Orc:1    | Noticed an orc warlord
 14931 | Orc:1    | Killed an orc warlord
 14931 | Orc:1    | Reached XP level 13. HP: 117/117 MP: 12/12
 15161 | Orc:1    | Found a roughly hewn altar of Beogh.
 15268 | Orc:1    | Found Uppeluleunt's Jewellery Emporium.
 15374 | Orc:1    | Found Nenkycox's Antique Weapon Boutique.
 15518 | Orc:2    | Entered Level 2 of the Orcish Mines
 15615 | Orc:2    | Noticed patcoet's ghost (journeyman HEHu)
 15628 | Orc:2    | Killed patcoet's ghost
 16337 | Orc:2    | Received a gift from Trog
 16368 | Orc:2    | Found a staircase to the Elven Halls.
 16446 | Orc:2    | Reached ****** piety under Trog
 16635 | Orc:2    | Found Ipuziof's Antique Armour Shoppe.
 16668 | Orc:2    | Found Eqintiar's Armour Shoppe.
 16670 | Orc:2    | Found Faeffico's Distillery.
 16675 | Orc:2    | Found Uheps's Food Emporium.
 17040 | Orc:1    | Bought an uncursed ring of poison resistance for 320 gold pieces
 17909 | Lair:5   | Reached skill level 10 in Dodging
 17929 | Lair:5   | Reached XP level 14. HP: 92/125 MP: 13/13
 18112 | Lair:5   | Received a gift from Trog
 18602 | Lair:6   | Entered Level 6 of the Lair of Beasts
 19028 | Lair:6   | Reached skill level 15 in Shields
 19723 | Lair:6   | Found a runed door.
 20045 | Lair:6   | Received a gift from Trog
 20336 | Lair:6   | Found a viscous altar of Jiyva.
 20336 | Lair:6   | Found a staircase to the Slime Pits.
 20808 | D:11     | Found a labyrinth entrance.
 20818 | Lab      | Entered a labyrinth
 21024 | Lab      | Identified the Catalogue of Flying Moulding
 21025 | Lab      | Got a clouded golden ring
 21025 | Lab      | Got a heavily runed bronze ring
 21037 | D:11     | Identified the ring of Yjitarch {rElec rC+ rN+ Str-2 Dex+4} (You found it in a labyrinth)
 21041 | D:11     | Identified the ring "Epno" {rC- EV+6 Dex+5 SInv} (You found it in a labyrinth)
 21894 | D:12     | Found Feenup's Gadget Shoppe.
 22082 | D:12     | Reached XP level 15. HP: 134/134 MP: 14/14
 22124 | D:12     | Received a gift from Trog
 22494 | D:13     | Noticed Urug
 22504 | D:13     | Killed Urug
 22527 | D:13     | Identified a +5 rod of ignition (12/12) (You found it in a labyrinth)
 22545 | D:13     | Reached skill level 17 in Maces & Flails
 22724 | D:13     | Found a gate to the Vaults.
 22794 | D:13     | Noticed Maurice
 22802 | D:13     | Killed Maurice
 23515 | D:14     | Noticed McKennaii's ghost (journeyman DsAK)
 23532 | D:14     | Killed McKennaii's ghost
 24154 | D:15     | Entered Level 15 of the Dungeon
 24235 | D:15     | Received a gift from Trog
 24572 | D:15     | Found a frozen archway.
 24589 | IceCv    | Entered an ice cave
 25310 | D:15     | Found a staircase to the Depths.
 25662 | D:15     | Reached XP level 16. HP: 133/146 MP: 15/15
 25688 | D:15     | Reached skill level 18 in Maces & Flails
 26152 | Snake:1  | Entered Level 1 of the Snake Pit
 26221 | Snake:1  | Found Kokyb's Armour Shoppe.
 26226 | Snake:1  | Found Emuneogh's Gadget Shoppe.
 26297 | Snake:1  | Found a glowing golden altar of the Shining One.
 27638 | Snake:2  | Reached skill level 15 in Fighting
 28089 | Snake:3  | Received a gift from Trog
 28234 | Snake:3  | Found Erist's Gadget Boutique.
 28235 | Snake:3  | Found Laitara's Jewellery Emporium.
 28236 | Snake:3  | Found Olairr's Gadget Boutique.
 28249 | Snake:3  | Bought an uncursed amulet of the gourmand for 540 gold pieces
 28363 | Snake:3  | Found Maquam's Food Emporium.
 28937 | Snake:3  | Reached skill level 15 in Armour
 29135 | Snake:4  | Entered Level 4 of the Snake Pit
 29294 | Snake:4  | Reached skill level 15 in Dodging
 29816 | Snake:4  | Received a gift from Trog
 29882 | Snake:4  | Reached XP level 17. HP: 82/158 MP: 16/16
 30137 | Snake:4  | Found Eniemm's Antique Weapon Shoppe.
 30181 | Snake:4  | Found Jegeh's Armour Boutique.
 30718 | Snake:4  | Found Onasyky's Gadget Emporium.
 30882 | Snake:4  | Found Xadudy's Distillery.
 31590 | Snake:4  | Found Lijuypsu's Magic Scroll Emporium.
 31885 | Snake:4  | Received a gift from Trog
 32073 | Snake:4  | Got a serpentine rune of Zot
 32303 | Shoals:1 | Entered Level 1 of the Shoals
 33175 | Shoals:2 | Noticed Polyphemus
 33215 | Shoals:2 | Noticed a kraken
 33215 | Shoals:2 | HP: 6/161 [water elemental (13)]
 33215 | Shoals:2 | HP: 1/161 [Polyphemus/large rock (5)]
 33223 | Shoals:2 | HP: 7/241 [water nymph/the raging water (12)]
 33224 | Shoals:2 | Slain by a tentacle

Skill      XL: |  1  2  3  4  5  6  7  8  9 10 11 12 13 14 15 16 17 |
---------------+----------------------------------------------------+-----
Maces & Flails | 4 5 6 8 9 11 13 16 17 18 | 18.0
Fighting       | 7 10 11 12 14 15 17 | 17.0
Armour         | 7 10 11 12 13 15 16 | 16.6
Shields        | 4 7 11 14 15 | 15.2
Dodging        | 5 10 12 13 15 16 | 16.2

Action                   |  1- 3 |  4- 6 |  7- 9 | 10-12 | 13-15 | 16-18 || total
-------------------------+-------+-------+-------+-------+-------+-------++-------
Melee: Mace              |    89 |   141 |       |       |       |       ||   230
       Headbutt          |    10 |    24 |    36 |   118 |   379 |   268 ||   835
       Morningstar       |       |     5 |   258 |   598 |  1320 |   470 ||  2651
       Demon whip        |       |       |       |       |       |   457 ||   457
Invok: Berserk           |     2 |     1 |     3 |    13 |     5 |     5 ||    29
       Trog's Hand       |       |       |     1 |     6 |     4 |     5 ||    16
       Brothers in Arms  |       |       |       |     3 |     2 |     3 ||     8
       Burn Spellbooks   |       |       |       |     3 |     3 |     2 ||     8
  Use: Scroll            |       |    11 |       |    17 |     9 |       ||    37
       Potion            |       |       |       |       |       |     2 ||     2
  Eat: Chunk             |     4 |     8 |    18 |    27 |    35 |    30 ||   122
       Bread ration      |       |       |       |     3 |     2 |     3 ||     8
Armor: Animal skin       |    10 |       |       |       |       |       ||    10
       Scale mail        |    33 |       |       |       |       |       ||    33
       Plate armour      |     1 |    88 |   116 |   243 |   353 |   176 ||   977
Dodge: Dodged            |    63 |    46 |    59 |   108 |   455 |   403 ||  1134
Block: Shield            |       |       |       |   236 |   769 |   544 ||  1549
